 Dungeon Crawl Stone Soup version 0.31-a0-1074-g0b22e4e0f1 (webtiles) character file.

Game seed: 3924501383585862394

71847 drugrobin the Black Belt (level 14, -34/111 HPs)
             Began as a Demigod Delver on Dec 6, 2023.
             Annihilated by a spriggan defender simulacrum (44 damage)
             ... on level 14 of the Dungeon.
             The game lasted 01:21:33 (28016 turns).

drugrobin the Black Belt (Demigod Delver)          Turns: 28016, Time: 01:21:36

Health: -34/111    AC: 11    Str: 19    XL:     14   Next: 56%
Magic:  20/20      EV: 24    Int: 12    God:
Gold:   1218       SH:  5    Dex: 31    Spells: 5/16 levels left

rFire   . .          .
                       - Unarmed
rCold   . . .        (shield currently unavailable)
rNeg    . . .        b - +0 troll leather armour
rPois   .            g - +2 hat
rElec   .            v - +0 cloak
rCorr   .            L - +2 pair of gloves
SInv    .            F - +1 pair of boots
Will    +....        q - amulet of reflection
Stlth   ++           o - +6 ring of strength
HPRegen 1.18/turn    R - ring of wizardry
MPRegen 0.17/turn

%: reflection, wizardry (x1)
@: flux-form, glowing
A: glow, contaminating, high MP 1, forlorn, divine attributes
a: Begin Untransformation


You were on level 14 of the Dungeon.
You were something dangerously unstable.
You visited 4 branches of the dungeon, and saw 22 of its levels.

You collected 2000 gold pieces.
You spent 782 gold pieces at shops.

Inventory:

Missiles
 Y - 10 curare-tipped darts
 Z - a throwing net
Armour
 b - a +0 troll leather armour (worn)
 g - a +2 hat (worn)
 v - a +0 cloak (worn)
 F - a +1 pair of boots (worn)
 L - a +2 pair of gloves (worn)
 N - a +1 leather armour of poison resistance
 P - a +0 robe of willpower
Jewellery
 o - a +6 ring of strength (left hand)
 q - an amulet of reflection (around neck)
 r - a ring of ice
 R - a ring of wizardry (right hand)
 T - a +6 ring of strength
 X - a ring of resist corrosion
Talismans
 y - a blade talisman
 Q - a flux talisman (active)
Wands
 a - a wand of roots (33)
 f - a wand of digging (19)
 h - a wand of mindburst (16)
 i - a wand of polymorph (7)
 H - a wand of flame (36)
 M - a wand of paralysis (9)
Scrolls
 c - 2 scrolls of revelation
 d - 4 scrolls of fear
 j - 8 scrolls of teleportation
 k - 6 scrolls of immolation
 p - 5 scrolls of poison
 C - a scroll of blinking
 I - 5 scrolls of fog
 K - a scroll of summoning
Potions
 e - 2 potions of haste
 l - 9 potions of ambrosia
 m - a potion of resistance
 n - a potion of attraction
 u - 2 potions of cancellation {unknown}
 x - 3 potions of heal wounds {unknown}
 z - 7 potions of degeneration {unknown}
 B - 4 potions of lignification
 D - 5 potions of curing
 G - 3 potions of might {unknown}
 O - 3 potions of enlightenment
 S - 2 potions of mutation {unknown}
 U - a potion of brilliance {unknown}
 W - 2 potions of berserk rage {unknown}
Miscellaneous
 s - a condenser vane


   Skills:
 + Level 6.6 Fighting
 + Level 11.1 Dodging
 - Level 4.9 Stealth
 * Level 17.0 Unarmed Combat
 + Level 1.7 Spellcasting
 - Level 4.0 Evocations
 + Level 11.2 Shapeshifting


You had 5 spell levels left.
You knew the following spells:

 Your Spells              Type           Power      Damage    Failure   Level
a - Foxfire               Conj/Fire      4%         2x1d4     13%         1
b - Blink                 Tloc           2%         N/A       21%         2
c - Volatile Blastmotes   Fire/Tloc      2%         2d10      36%         3
d - Poisonous Vapours     Pois/Air       2%         N/A       21%         2
e - Mephitic Cloud        Conj/Pois/Air  1%         N/A       36%         3

Your spell library contained the following spells:

 Spells                   Type           Power      Damage    Failure   Level
 Dazzling Flash           Conj/Hex       2%         N/A       36%         3
 Summon Guardian Golem    Hex/Summ       1%         N/A       36%         3
 Teleport Other           Tloc           1%         N/A       36%         3
 Manifold Assault         Tloc           1%         N/A       75%         4
 Passage of Golubria      Tloc           1%         N/A       75%         4
 Freezing Cloud           Conj/Ice/Air   0%         6-21      97%         5
 Plasma Beam              Fire/Air       0%         2x1d10    100%        6
 Starburst                Conj/Fire      0%         6d3       100%        6
 Orb of Destruction       Conj           0%         9d5       100%        7
 Spellforged Servitor     Conj/Summ      0%         N/A       100%        7
 Disjunction              Tloc           0%         N/A       100%        8
 Maxwell's Capacitive Co  Air            0%         ∞         100%        8


Dungeon Overview and Level Annotations

Branches:
Dungeon (14/15)            Temple (1/1) D:7            Lair (5/5) D:11
 Shoals (0/4) Lair:3        Snake (0/4) Lair:2        Slime (0/5) Lair:5
    Orc (2/2) D:10            Elf (0/3) Orc:2        Vaults (0/5) D:13

Shops:
D:6 *[   D:7 (   D:12 =   Orc:2 =(**

Annotations:
Lair:4 exclusion: oklob plant


Innate Abilities, Weirdness & Mutations

You are something dangerously unstable.
You glow with magical radiation, making you easy to see and hit.
Foes you strike become dangerously contaminated with magical radiation.
You are incapable of wielding weapons or throwing items.
You have an increased reservoir of magic. (+10% MP)
You shall have no god before yourself.
Your divine heritage dramatically boosts your attributes as you level up.


Message History

You pummel the spriggan defender simulacrum!!
The spriggan defender simulacrum vaporises!
The plant is engulfed in a cloud of scalding steam.
The plant begins to die.
You block the spriggan defender simulacrum's attack.
You completely miss the spriggan defender simulacrum.
The spriggan defender simulacrum is almost destroyed.
The spriggan defender simulacrum hits you.
The spriggan defender simulacrum freezes you!!!
You closely miss the spriggan defender simulacrum.
The spriggan defender simulacrum is almost destroyed.
The spriggan defender simulacrum hits you.
The spriggan defender simulacrum freezes you!!!
* * * LOW HITPOINT WARNING * * *
Unknown command.
Unknown command.
You closely miss the spriggan defender simulacrum.
The spriggan defender simulacrum is almost destroyed.
The spriggan defender simulacrum misses you.
Unknown command.
Unknown command.
You miss the spriggan defender simulacrum.
The spriggan defender simulacrum is almost destroyed.
You block the spriggan defender simulacrum's attack.
Unknown command.
Unknown command.
You hit the spriggan defender simulacrum.
The spriggan defender simulacrum begins to glow.
The spriggan defender simulacrum is almost destroyed.
A nearby plant withers and dies.
The spriggan defender simulacrum misses you.
Unknown command.
Unknown command.
You hit the spriggan defender simulacrum but do no damage.
The spriggan defender simulacrum glows dangerously bright.
The spriggan defender simulacrum is almost destroyed.
The spriggan defender simulacrum hits you!
* * * LOW HITPOINT WARNING * * *
The spriggan defender simulacrum freezes you!!!
You die...

*,,,,,,,,,,,,,*~~*~~~** *,,,,∩,,,
****,,...#♣♣♣~~~P~~~P~###..,,,,,,
***#.##.~~♣~~~≈~~≈~P~~.....,,,,,,
,,,.$#.~~~~~≈≈≈≈≈~~~~P♣....,,,,,,
,**###♣P~~~~~≈~P~~~~~~~~...,,,,,,
,* #...♣~PP~~~~~~♣~..~.~...,,*,,,
,**#.###♣♣~~~~.~...~.~~....,,+,,,
,,,..####...†..............,**,,,
***######..†....pZ...~~~~♣**,+,,,
*.......<†..~.~~P~~~~♣P♣**,*,,,
*........#♣~~~~~~~P~♣~...,,*<,,
***........#.♣♣~~♣♣~~♣♣,###***,,,
,,+........#.#♣♣♣♣♣♣♣♣,,,* *,,,
,**......#.#.###♣♣***,,,,* *,,,
,**..........#####,**,,,,* ****
,,,......#########,,+,,,,*
***#.....+...#####***,,,,***


You could see a spriggan defender simulacrum (heavy contam).

Vanquished Creatures
  A very ugly thing (D:13)
  Erolcha (D:10)
  2 hydras (Lair:5)
  An ogre mage (D:13)
  A centaur warrior (D:13)
  3 catoblepae (Lair:5)
  Erica (Lair:2)
  2 two-headed ogres
  2 boulder beetles
  6 death yaks (Lair:5)
  8 orc high priests (Orc:2)
  Sonja (Lair:2)
  A skeletal warrior (D:13)
  A harpy (Lair:3)
  A lindwurm (Lair:5)
  An orc knight (Orc:1)
  A spriggan simulacrum (D:14)
  3 deep elf pyromancers
  4 ugly things (D:14)
  3 manticores
  7 black mambas
  A torpor snail (Lair:5)
  3 cyclopes
  4 elephants
  A gargoyle (D:12)
  3 rime drakes
  2 unseen horrors
  8 cane toads
  7 komodo dragons
  4 yaktaurs (D:13)
  4 centaur skeletons (D:13)
  Jeremiah (D:7)
  3 kobold demonologists (D:12)
  6 trolls
  3 red devils (Orc:2)
  A queen bee (Lair:3)
  A merfolk (D:9)
  24 blink frogs
  3 polar bears
  12 dream sheep
  A water elemental (D:14)
  7 wyverns
  4 slime creatures
  47 yaks
  3 wraiths
  3 basilisks
  A steam dragon (D:8)
  4 vampire mosquitoes
  5 wargs
  3 nagas (Lair:2)
  A swamp worm (D:10)
  26 water moccasins
  4 black bears
  2 ice beasts
  16 orc warriors
  6 ogres
  30 wolves
  5 centaurs
  6 kobold brigands
  4 gnoll sergeants
  15 bullfrogs
  2 necrophages (D:6)
  A wyvern zombie (D:6)
  4 scorpions
  2 water moccasin zombies (D:6)
  7 wights
  24 killer bees (Lair:3)
  8 howler monkeys
  4 electric eels
  A centaur zombie (D:6)
  A jelly (D:6)
  40 orc priests
  3 gnoll boudas
  5 hounds
  A human zombie (D:6)
  2 sleepcaps (D:6)
  4 iguanas
  13 orc wizards
  2 mummies (D:6)
  Robin (D:2)
  A howler monkey zombie (D:6)
  31 gnolls
  4 adders
  2 worms (D:2)
  A dart slug (D:4)
  82 orcs
  6 ball pythons
  3 bats
  10 endoplasms
  8 giant cockroaches
  12 hobgoblins
  7 jackals
  16 kobolds
  2 quokkas (D:1)
  3 frilled lizards
  16 goblins
  8 rats
672 creatures vanquished.

Vanquished Creatures (others)
  An orc wizard (D:10)
  A kobold (D:7)
  184 foxfires
186 creatures vanquished.

Grand Total: 858 creatures vanquished

Notes
Turn   | Place    | Note
-------+----------+-------------------------------------------
     0 | D:5      | drugrobin the Demigod Delver began the quest for the Orb.
     0 | D:5      | Reached XP level 1. HP: 18/18 MP: 3/3
    38 | D:5      | Noticed a scorpion
    41 | D:5      | Killed a scorpion
    42 | D:5      | Reached skill level 2 in Unarmed Combat
    42 | D:5      | Reached XP level 2. HP: 26/26 MP: 4/4
    42 | D:5      | Reached XP level 3. HP: 31/31 MP: 5/5
    81 | D:5      | Reached XP level 4. HP: 18/38 MP: 6/6
   284 | D:4      | Reached skill level 3 in Unarmed Combat
   368 | D:4      | Reached skill level 1 in Evocations
   642 | D:4      | Reached XP level 5. HP: 40/45 MP: 7/7
   674 | D:4      | Reached skill level 4 in Unarmed Combat
  1971 | D:2      | Noticed Robin
  2032 | D:2      | Killed Robin
  2033 | D:2      | Reached XP level 6. HP: 26/51 MP: 8/8
  4535 | D:5      | Reached skill level 1 in Shapeshifting
  5144 | D:5      | Reached skill level 5 in Unarmed Combat
  5144 | D:5      | Reached XP level 7. HP: 46/57 MP: 9/9
  5611 | D:6      | Found Kare's General Store.
  5654 | D:6      | Bought a potion of curing for 33 gold pieces
  5654 | D:6      | Bought a scroll of immolation for 44 gold pieces
  5654 | D:6      | Bought a scroll of summoning for 104 gold pieces
  5857 | D:6      | Found Qorax's Antique Armour Emporium.
  6087 | D:6      | Reached skill level 6 in Unarmed Combat
  6761 | D:6      | Reached XP level 8. HP: 59/63 MP: 10/10
  6890 | D:6      | Reached skill level 7 in Unarmed Combat
  7331 | D:7      | Noticed a troll
  7353 | D:7      | Killed a troll
  7498 | D:7      | Reached skill level 8 in Unarmed Combat
  7548 | D:7      | Found Macwoj's Antique Weapon Shoppe.
  7637 | D:7      | Noticed Jeremiah
  7672 | D:7      | Found a staircase to the Ecumenical Temple.
  7697 | Temple   | Entered the Ecumenical Temple
  7880 | D:7      | Killed Jeremiah
  7881 | D:7      | Reached skill level 5 in Shapeshifting
  7963 | D:8      | Reached XP level 9. HP: 67/69 MP: 11/11
  8830 | D:7      | Reached skill level 9 in Unarmed Combat
 10877 | D:9      | Reached skill level 10 in Unarmed Combat
 10987 | D:9      | Reached XP level 10. HP: 38/77 MP: 13/13
 11696 | D:9      | Reached skill level 5 in Dodging
 11910 | D:10     | Entered Level 10 of the Dungeon
 12015 | D:10     | Noticed Erolcha
 12173 | D:10     | Killed Erolcha
 12174 | D:10     | Reached skill level 11 in Unarmed Combat
 12387 | D:10     | Noticed a two-headed ogre
 12420 | D:10     | a two-headed ogre changed into a swamp worm
 13114 | D:10     | Found a staircase to the Orcish Mines.
 13475 | D:11     | Noticed a cyclops
 13475 | D:11     | Noticed a boulder beetle
 13673 | D:11     | Noticed a deep elf pyromancer
 13680 | D:11     | Killed a deep elf pyromancer
 13681 | D:11     | Reached XP level 11. HP: 82/82 MP: 14/14
 13907 | D:11     | Killed a boulder beetle
 14144 | D:11     | Reached skill level 12 in Unarmed Combat
 14278 | D:11     | Found a staircase to the Lair.
 14335 | Lair:1   | Entered Level 1 of the Lair of Beasts
 15383 | Lair:1   | Reached skill level 13 in Unarmed Combat
 15549 | Lair:1   | Learned a level 3 spell: Volatile Blastmotes
 16144 | Lair:2   | Noticed Sonja
 16148 | Lair:2   | Killed Sonja
 16174 | Lair:2   | Reached XP level 12. HP: 79/89 MP: 15/15
 16212 | Lair:2   | Noticed Erica
 16238 | Lair:2   | Killed Erica
 16659 | Lair:2   | Found a staircase to the Snake Pit.
 16670 | Lair:2   | Reached skill level 14 in Unarmed Combat
 17701 | Lair:3   | Found a staircase to the Shoals.
 17921 | Lair:3   | Learned a level 1 spell: Foxfire
 19517 | Lair:4   | Found the +8 whip "Snakebite" {venom, curare, rPois}
 19849 | Lair:4   | Reached skill level 15 in Unarmed Combat
 20258 | Lair:5   | Entered Level 5 of the Lair of Beasts
 20304 | Lair:4   | Reached XP level 13. HP: 54/94 MP: 16/16
 20901 | Lair:4   | Reached skill level 10 in Shapeshifting
 21897 | Lair:5   | Reached skill level 10 in Dodging
 21995 | Lair:5   | Found a staircase to the Slime Pits.
 22973 | Lair:5   | Reached skill level 16 in Unarmed Combat
 23039 | Lair:5   | Reached skill level 5 in Fighting
 23263 | Lair:5   | Got the Almanac of Displacement
 23541 | Orc:1    | Entered Level 1 of the Orcish Mines
 24203 | Orc:2    | Entered Level 2 of the Orcish Mines
 24410 | Orc:2    | Found a staircase to the Elven Halls.
 24660 | Orc:2    | Reached XP level 14. HP: 83/107 MP: 17/17
 24805 | Orc:2    | Found Nobieq's General Store.
 24814 | Orc:2    | Found Xosyhom's Assorted Antiques.
 25020 | Orc:2    | Found Noplum's Jewellery Emporium.
 25020 | Orc:2    | Found Facol's Weapon Shop.
 25124 | Orc:2    | Bought a scroll of identify for 56 gold pieces
 25124 | Orc:2    | Bought a viscous silvery potion for 25 gold pieces
 25133 | Orc:2    | Bought a condenser vane for 520 gold pieces
 26080 | D:12     | Learned a level 2 spell: Blink
 26269 | D:12     | Found Nevom's Jewellery Boutique.
 26483 | D:12     | Learned a level 2 spell: Poisonous Vapours
 26487 | D:12     | Learned a level 3 spell: Mephitic Cloud
 27419 | D:13     | Reached skill level 1 in Spellcasting
 27603 | D:13     | Found a gate to the Vaults.
 27644 | D:13     | Reached skill level 17 in Unarmed Combat
 28016 | D:14     | Annihilated by a spriggan defender simulacrum

Illustrated notes

Levels and vault maps discovered:
D:1:      dpeg_arrival_simpleton_c, layout_basic
D:2:      layout_loops_ring, uniq_robin
D:3:      layout_basic
D:4:      layout_loops_ring
D:5:      layout_cave_pools, kennysheep_boxes
D:6:      layout_basic, mainiacjoe_overflow_paths,
          lemuel_mausoleum_altar_kikubaaqudgha, serial_shops, shop,
          nicolae_shop_tiny_waterfront
D:7:      layout_basic, minmay_temple_entry_grid, serial_shops,
          nicolae_shop_tiny_real_fake_doors, uniq_jeremiah
D:8:      layout_basic, minmay_small_thing
D:9:      layout_loops_ring, hangedman_fish_farm
D:10:     layout_rooms, erik_orc_2, uniq_erolcha
D:11:     layout_rooms, lair_entry_dummy, worldfamousw_hep_ancestral_shrine
D:12:     layout_roguey, serial_shops, nicolae_shop_real_fake_doors
D:13:     layout_roguey, hangedman_vaults_entry_quadrant_bands
D:14:     layout_basic, portal_ice_cave_entry_ice_simulacra,
          serial_bayou_ford_a, nicolae_underground_beach, uniq_lodul
Temple:   mainiacjoe_temple_cubbyholes
Lair:1:   layout_roguey, grunt_megastairs_1, serial_bayou_shore_a,
          serial_bayou_shore_b
Lair:2:   layout_long_grid, guppyfry_snake_entry_garden, minivault_19,
          chequers_serial_rivers_micro_d, beast_lair_carwin_6,
          infiniplex_staircase_pool, uniq_sonja, uniq_erica
Lair:3:   layout_roguey [special_room_bee], nicolae_shoals_entry_roost,
          st_stairs_7
Lair:4:   minmay_guarded_unrand_snakebite, layout_cave_pods
Lair:5:   evilmike_catoblepas_cave, layout_regular_city, slime_entry_1,
          nzn_sisyphean_effort, grunt_megastairs_2, lemuel_fruit_tree
Orc:1:    layout_caves, nicolae_orc_tapped_out
Orc:2:    st_orc_town, layout_diamond_mine, einodemon_armed_red_devil_minivault

Skill      XL: |  1  2  3  4  5  6  7  8  9 10 11 12 13 14 |
---------------+-------------------------------------------+-----
Fighting       | 3 5 6 |  6.6
Dodging        | 2 4 6 7 9 10 11 | 11.1
Unarmed Combat | 2 3 4 5 6 8 10 11 13 15 16 17 | 17.0
Evocations     | 1 2 3 4 |  4.0
Shapeshifting  | 1 3 5 6 7 8 9 10 11 | 11.2
Spellcasting   | 1 |  1.7
Stealth        | |  4.9

Action                     |  1- 3 |  4- 6 |  7- 9 | 10-12 | 13-15 || total
---------------------------+-------+-------+-------+-------+-------++-------
  Melee: Unarmed           |     8 |   403 |   572 |   950 |   941 ||  2874
         Punch             |     1 |    12 |     2 |       |       ||    15
         Dagger            |       |     2 |    35 |     4 |       ||    41
  Throw: Javelin           |       |     6 |       |       |       ||     6
         Dart              |       |     3 |       |     2 |       ||     5
         Boomerang         |       |     2 |    19 |    30 |       ||    51
         Throwing net      |       |       |       |     1 |       ||     1
   Cast: Volatile Blastmot |       |       |       |     5 |     2 ||     7
         Foxfire           |       |       |       |    44 |    64 ||   108
         Mephitic Cloud    |       |       |       |       |     3 ||     3
         Poisonous Vapours |       |       |       |       |     3 ||     3
  Evoke: Wand              |     3 |     4 |     8 |    14 |    16 ||    45
    Use: Scroll            |       |       |     6 |     4 |     6 ||    16
         Potion            |       |       |       |       |     1 ||     1
   Stab: Sleeping          |     1 |       |    10 |     4 |     3 ||    18
         Distracted        |       |       |     1 |       |       ||     1
         Confused          |       |       |       |       |     4 ||     4
 Armour: Leather armour    |     3 |    13 |   175 |   302 |   136 ||   629
         Chain mail        |       |   271 |    94 |       |       ||   365
         Robe              |       |       |       |     4 |       ||     4
         Troll leather arm |       |       |       |       |   154 ||   154
  Dodge: Dodged            |     2 |   155 |   188 |   671 |   716 ||  1732
  Block: Other             |       |     5 |    28 |   168 |   154 ||   355
         Buckler           |       |       |   183 |    29 |       ||   212
         Reflection        |       |       |     4 |     1 |     3 ||     8
   Form: Flux              |       |       |     1 |     2 |     2 ||     5
                           |       |       |       |     2 |     1 ||     3
         Blade             |       |       |       |       |     1 ||     1

Table legend: (Time is in decaauts)
 A = Elapsed time spent in this place.
 B = Non-inter-level travel time spent in this place.
 C = Inter-level travel time spent in this place.
 D = Time resting spent in this place.
 E = Time spent auto-exploring this place.
 F = Levels seen in this place.
 G = Mean time per level.
                   A        B        C        D        E       F      G
               +--------+--------+--------+--------+--------+-----+--------+
         Total |  27477 |  26160 |   1317 |   4102 |  15153 |  22 | 1249.0 |
       Dungeon |  17195 |  16148 |   1047 |   2582 |   9151 |  14 | 1228.2 |
        Temple |     38 |     32 |      6 |      0 |      0 |   1 |   38.0 |
          Lair |   8629 |   8399 |    230 |   1415 |   5104 |   5 | 1725.8 |
  Orcish Mines |   1614 |   1581 |     33 |    104 |    898 |   2 |  807.0 |
               +--------+--------+--------+--------+--------+-----+--------+

Top non-repeatable levels by time:
  Lair:4: 2455 daAuts
  Lair:5: 2319 daAuts
     D:6: 1890 daAuts
     D:8: 1719 daAuts
     D:7: 1672 daAuts
  Lair:1: 1614 daAuts
    D:10: 1567 daAuts
     D:5: 1361 daAuts
     D:9: 1357 daAuts
     D:3: 1310 daAuts
    D:11: 1303 daAuts
    D:13: 1286 daAuts
     D:1: 1250 daAuts
  Lair:2: 1188 daAuts
  Lair:3: 1050 daAuts
